TOP OF THE 1ST |
Nashua Redlegs batting - Pitching for Montgomery Grey Sox : RHP Calvin Snyder
|
Pitching: RHP Calvin Snyder
|
|
Batting: RHB António López
|
0-0: Ball 1-0: Foul Ball, location: 2F 1-1: Foul Ball, location: 2F 1-2: Ground out 6-3 (Groundball, 6)
|
Batting: RHB Dave Warren
|
0-0: Ball 1-0: Called Strike 1-1: Called Strike 1-2: Ball 2-2: Ground out 6-3 (Groundball, 6)
|
Batting: RHB Currito Campos
|
0-0: Ball 1-0: Ball 2-0: Called Strike 2-1: Fly out, F8 (Flyball, 8RD)
|
Top of the 1st over - 0 run(s), 0 hit(s), 0 error(s), 0 left on base; Nashua 0 - Montgomery 0 |
BOTTOM OF THE 1ST |
Montgomery Grey Sox batting - Pitching for Nashua Redlegs : LHP Tomás Salgado
|
Pitching: LHP Tomás Salgado
|
|
Batting: RHB Frederick Curtis
|
0-0: Ball 1-0: Called Strike 1-1: SINGLE (Groundball, 6M) (infield hit)
|
Batting: SHB Joe Pierce
|
0-0: Ball 1-0: Called Strike 1-1: Called Strike 1-2: Strikes out looking
|
Batting: RHB Dean Bailey
|
0-0: Ball 1-0: Called Strike 1-1: SINGLE (Groundball, 6MD) Frederick Curtis to second
|
Batting: LHB Bob Jones
|
0-0: Ball 1-0: Called Strike 1-1: Ball 2-1: SINGLE (Line Drive, 4) Frederick Curtis to third Dean Bailey to second Runner from 3rd tries for Home, SAFE, no throw
|
Batting: SHB Hoyt Norris
|
0-0: Fielders Choice at 2nd, 1-4 (Groundball, 15S) Dean Bailey to third
|
Batting: RHB António Nevárez
|
0-0: Ball 1-0: Ball Passed Ball! Dean Bailey scores Hoyt Norris to second 2-0: Ground out 5-3 (Groundball, 56S)
|
Bottom of the 1st over - 2 run(s), 3 hit(s), 0 error(s), 1 left on base; Nashua 0 - Montgomery 2 |
TOP OF THE 2ND |
Nashua Redlegs batting - Pitching for Montgomery Grey Sox : RHP Calvin Snyder
|
Batting: RHB Eleuterio Supardo
|
0-0: Ball 1-0: Ball 2-0: Called Strike 2-1: Foul Ball, location: 2F 2-2: Foul Ball, location: 2F 2-2: Ball 3-2: Fly out, F7 (Flyball, 7S)
|
Batting: RHB Joe Noble
|
0-0: Ball 1-0: Ball 2-0: Ball 3-0: Called Strike 3-1: Foul Ball, location: 2F 3-2: Base on Balls
|
Batting: RHB Jorge Valenzuela
|
0-0: Called Strike 0-1: Foul Ball, location: 2F 0-2: Ball 1-2: Strikes out swinging
|
Batting: RHB Artie Turner
|
0-0: Fielders Choice at 2nd, 6-4 (Groundball, 6)
|
Top of the 2nd over - 0 run(s), 0 hit(s), 0 error(s), 0 left on base; Nashua 0 - Montgomery 2 |
BOTTOM OF THE 2ND |
Montgomery Grey Sox batting - Pitching for Nashua Redlegs : LHP Tomás Salgado
|
Batting: RHB Ben White
|
0-0: Ball 1-0: Ball 2-0: Fly out, F4 (Popup, 4M)
|
Batting: LHB Amlak Saitoti
|
0-0: Ground out 1-3 (Groundball, 13)
|
Batting: RHB Félix Guillén
|
0-0: Ball 1-0: SINGLE (Groundball, 6) (infield hit)
|
Batting: RHB Frederick Curtis
|
0-0: Ball 1-0: Ball 2-0: Ground out 6-3 (Groundball, 56)
|
Bottom of the 2nd over - 0 run(s), 1 hit(s), 0 error(s), 1 left on base; Nashua 0 - Montgomery 2 |
TOP OF THE 3RD |
Nashua Redlegs batting - Pitching for Montgomery Grey Sox : RHP Calvin Snyder
|
Batting: RHB Spencer Pritchett
|
0-0: Ball 1-0: Foul Ball, location: 2F 1-1: Called Strike 1-2: Foul Ball, location: 2F 1-2: Ball 2-2: Ball 3-2: Base on Balls
|
Pitching: RHP Shawn Jones
|
|
Batting: RHB Jason Patrick
|
0-0: Ball 1-0: Grounds into double play, 6-4-3 (Groundball, 56)
|
Batting: RHB António López
|
0-0: Fly out, F8 (Flyball, 78D)
|
Top of the 3rd over - 0 run(s), 0 hit(s), 0 error(s), 0 left on base; Nashua 0 - Montgomery 2 |
BOTTOM OF THE 3RD |
Montgomery Grey Sox batting - Pitching for Nashua Redlegs : LHP Tomás Salgado
|
Batting: SHB Joe Pierce
|
0-0: Ball 1-0: Ground out 6-3 (Groundball, 6S)
|
Batting: RHB Dean Bailey
|
0-0: Foul Ball, location: 2F 0-1: Ball 1-1: Ball 2-1: Ball 3-1: Foul Ball, location: 2F 3-2: Foul Ball, location: 2F 3-2: Base on Balls
|
Batting: LHB Bob Jones
|
0-0: Called Strike 0-1: Foul Ball, location: 2F 0-2: Ball 1-2: Foul Ball, location: 2F 1-2: Foul Ball, location: 2F 1-2: Foul Ball, location: 2F 1-2: Ball 2-2: Fly out, F7 (Flyball, 7)
|
Batting: SHB Hoyt Norris
|
0-0: Ball 1-0: Ball 2-0: Ball 3-0: Base on Balls Dean Bailey to second
|
Batting: RHB António Nevárez
|
0-0: Fly out, F8 (Flyball, 8RM)
|
Bottom of the 3rd over - 0 run(s), 0 hit(s), 0 error(s), 2 left on base; Nashua 0 - Montgomery 2 |
TOP OF THE 4TH |
Nashua Redlegs batting - Pitching for Montgomery Grey Sox : RHP Shawn Jones
|
Batting: RHB Dave Warren
|
0-0: Foul Ball, location: 2F 0-1: Foul Ball, location: 2F 0-2: Ground out 5-3 (Groundball, 5)
|
Batting: RHB Currito Campos
|
0-0: Ball 1-0: Ball 2-0: Ball 3-0: Called Strike 3-1: Ground out 6-3 (Groundball, 6)
|
Batting: RHB Eleuterio Supardo
|
0-0: Ball 1-0: Called Strike 1-1: Ball 2-1: Foul Ball, location: 2F 2-2: SINGLE (Groundball, 34D)
|
Batting: RHB Joe Noble
|
0-0: Called Strike 0-1: Foul Ball, location: 2F 0-2: Ball 1-2: Strikes out swinging
|
Top of the 4th over - 0 run(s), 1 hit(s), 0 error(s), 1 left on base; Nashua 0 - Montgomery 2 |
BOTTOM OF THE 4TH |
Montgomery Grey Sox batting - Pitching for Nashua Redlegs : LHP Tomás Salgado
|
Batting: RHB Ben White
|
0-0: Ball 1-0: Called Strike 1-1: Ball 2-1: DOUBLE (Groundball, 5L)
|
Batting: LHB Amlak Saitoti
|
0-0: Fly out, F8 (Flyball, 8RM)
|
Batting: RHB Félix Guillén
|
0-0: Ball 1-0: Foul Ball, location: 2F 1-1: Ground out U3 (Groundball, 3L) Ben White to third
|
Batting: RHB Frederick Curtis
|
0-0: Called Strike 0-1: Fly out, F8 (Flyball, 8RD)
|
Bottom of the 4th over - 0 run(s), 1 hit(s), 0 error(s), 1 left on base; Nashua 0 - Montgomery 2 |
TOP OF THE 5TH |
Nashua Redlegs batting - Pitching for Montgomery Grey Sox : RHP Shawn Jones
|
Batting: RHB Jorge Valenzuela
|
0-0: Called Strike 0-1: Swinging Strike 0-2: Ball 1-2: Ball 2-2: Ball 3-2: Ground out 4-3 (Groundball, 4M)
|
Batting: RHB Artie Turner
|
0-0: Called Strike 0-1: Swinging Strike 0-2: Strikes out looking
|
Batting: RHB Spencer Pritchett
|
0-0: Ball 1-0: Called Strike 1-1: SINGLE (Groundball, 6D)
|
Batting: RHB Jason Patrick
|
0-0: Ball 1-0: Foul Ball, location: 2F 1-1: Ball 2-1: Swinging Strike 2-2: Ball 3-2: Strikes out swinging
|
Top of the 5th over - 0 run(s), 1 hit(s), 0 error(s), 1 left on base; Nashua 0 - Montgomery 2 |
BOTTOM OF THE 5TH |
Montgomery Grey Sox batting - Pitching for Nashua Redlegs : LHP Tomás Salgado
|
Batting: SHB Joe Pierce
|
0-0: Fly out, F9 (Flyball, 9S)
|
Batting: RHB Dean Bailey
|
0-0: Called Strike 0-1: SINGLE (Groundball, 56D)
|
Batting: LHB Bob Jones
|
0-0: Ball 1-0: SINGLE (Groundball, 6MD) Dean Bailey to second
|
Batting: SHB Hoyt Norris
|
0-0: Ball 1-0: Ball 2-0: Called Strike 2-1: Foul Ball, location: 2F 2-2: Foul Ball, location: 2F 2-2: Foul Ball, location: 2F 2-2: DOUBLE (Flyball, 8RD) Dean Bailey scores Bob Jones to third Runner from 3rd tries for Home, SAFE, no throw
|
Batting: RHB António Nevárez
|
0-0: Called Strike 0-1: Ball 1-1: Ball 2-1: Fly out, F4 (Flyball, 4MD)
|
Batting: RHB Ben White
|
0-0: Ball 1-0: Ball 2-0: Ball 3-0: Called Strike 3-1: Base on Balls
|
Batting: LHB Amlak Saitoti
|
0-0: Called Strike 0-1: Foul Ball, location: 2F 0-2: Ball 1-2: Strikes out swinging
|
Bottom of the 5th over - 2 run(s), 3 hit(s), 0 error(s), 2 left on base; Nashua 0 - Montgomery 4 |
TOP OF THE 6TH |
Nashua Redlegs batting - Pitching for Montgomery Grey Sox : RHP Shawn Jones
|
Batting: RHB António López
|
0-0: Foul Ball, location: 2F 0-1: Called Strike 0-2: Strikes out swinging
|
Batting: RHB Dave Warren
|
0-0: Ball 1-0: Foul Ball, location: 2F 1-1: Foul Ball, location: 2F 1-2: Ball 2-2: Ball 3-2: Foul Ball, location: 2F 3-2: Base on Balls
|
Batting: RHB Currito Campos
|
Balk! Dave Warren to second 0-0: Foul Ball, location: 2F 0-1: SINGLE (Groundball, 4MD) Dave Warren to third Runner from 3rd tries for Home, SAFE, no throw
|
Batting: RHB Eleuterio Supardo
|
0-0: Hit by Pitch Currito Campos to second
|
Batting: RHB Joe Noble
|
0-0: DOUBLE (Flyball, 9D) Currito Campos scores Eleuterio Supardo to third Runner from 3rd tries for Home, throw and OUT!
|
Batting: RHB Jorge Valenzuela
|
0-0: Called Strike 0-1: Foul Ball, location: 2F 0-2: Ball 1-2: Foul Ball, location: 2F 1-2: Strikes out swinging
|
Top of the 6th over - 2 run(s), 2 hit(s), 0 error(s), 1 left on base; Nashua 2 - Montgomery 4 |
BOTTOM OF THE 6TH |
Montgomery Grey Sox batting - Pitching for Nashua Redlegs : LHP Tomás Salgado
|
Pitching: LHP Jorge Melgaza
|
|
Batting: RHB Félix Guillén
|
0-0: Ball 1-0: Called Strike 1-1: Ground out 6-3 (Groundball, 6)
|
Batting: RHB Frederick Curtis
|
0-0: Ground out 6-3 (Groundball, 6)
|
Batting: SHB Joe Pierce
|
0-0: Ball 1-0: Fly out, F9 (Flyball, 89S)
|
Bottom of the 6th over - 0 run(s), 0 hit(s), 0 error(s), 0 left on base; Nashua 2 - Montgomery 4 |
TOP OF THE 7TH |
Nashua Redlegs batting - Pitching for Montgomery Grey Sox : RHP Shawn Jones
|
Batting: RHB Artie Turner
|
0-0: Ball 1-0: Ball 2-0: Called Strike 2-1: Swinging Strike 2-2: Ball 3-2: Foul Ball, location: 2F 3-2: Strikes out swinging
|
Batting: RHB Spencer Pritchett
|
0-0: Ball 1-0: Called Strike 1-1: Swinging Strike 1-2: Ball 2-2: Foul Ball, location: 2F 2-2: Ball 3-2: Foul Ball, location: 2F 3-2: Ground out 5-3 (Groundball, 56)
|
Batting: RHB Jason Patrick
|
0-0: Called Strike 0-1: Ball 1-1: Ball 2-1: Foul Ball, location: 2F 2-2: Foul Ball, location: 2F 2-2: Strikes out swinging
|
Top of the 7th over - 0 run(s), 0 hit(s), 0 error(s), 0 left on base; Nashua 2 - Montgomery 4 |
BOTTOM OF THE 7TH |
Montgomery Grey Sox batting - Pitching for Nashua Redlegs : LHP Jorge Melgaza
|
Batting: RHB Dean Bailey
|
0-0: Foul Ball, location: 2F 0-1: Ball 1-1: Fly out, F7 (Line Drive, 78M)
|
Batting: LHB Bob Jones
|
0-0: Ball 1-0: Ball 2-0: Ball 3-0: Called Strike 3-1: Called Strike 3-2: Ground out 6-3 (Groundball, 6)
|
Batting: SHB Hoyt Norris
|
0-0: Ball 1-0: Ball 2-0: Ball 3-0: Called Strike 3-1: Base on Balls
|
Batting: RHB António Nevárez
|
0-0: Called Strike 0-1: Foul Ball, location: 2F 0-2: Ball Hoyt Norris is caught stealing 2nd base
|
Bottom of the 7th over - 0 run(s), 0 hit(s), 0 error(s), 0 left on base; Nashua 2 - Montgomery 4 |
TOP OF THE 8TH |
Nashua Redlegs batting - Pitching for Montgomery Grey Sox : RHP Shawn Jones
|
Batting: RHB António López
|
0-0: Ball 1-0: Foul Ball, location: 2F 1-1: Ball 2-1: Called Strike 2-2: Strikes out swinging
|
Batting: RHB Dave Warren
|
0-0: Called Strike 0-1: Called Strike 0-2: Ball 1-2: Strikes out looking
|
Batting: RHB Currito Campos
|
0-0: Called Strike 0-1: Foul Ball, location: 2F 0-2: Hit by Pitch
|
Pitching: RHP Ron Simmons
|
|
Batting: RHB Eleuterio Supardo
|
0-0: Ball 1-0: Ball 2-0: Swinging Strike 2-1: Called Strike 2-2: Strikes out looking
|
Top of the 8th over - 0 run(s), 0 hit(s), 0 error(s), 1 left on base; Nashua 2 - Montgomery 4 |
BOTTOM OF THE 8TH |
Montgomery Grey Sox batting - Pitching for Nashua Redlegs : LHP Jorge Melgaza
|
Batting: RHB António Nevárez
|
0-0: Swinging Strike 0-1: Ball 1-1: Ball 2-1: Ball 3-1: Called Strike 3-2: Foul Ball, location: 2F 3-2: Base on Balls
|
Batting: RHB Ben White
|
0-0: Called Strike 0-1: Ball 1-1: Foul Ball, location: 2F 1-2: Ball 2-2: Grounds into double play, 4-6-3 (Groundball, 4)
|
Batting: LHB Amlak Saitoti
|
0-0: Called Strike 0-1: Ball 1-1: Ball 2-1: Ball 3-1: Called Strike 3-2: Base on Balls
|
Pitching: RHP Samuel Farrell
|
|
Batting: RHB Félix Guillén
|
0-0: Called Strike 0-1: Ball 1-1: Fly out, F1 (Line Drive, 13)
|
Bottom of the 8th over - 0 run(s), 0 hit(s), 0 error(s), 1 left on base; Nashua 2 - Montgomery 4 |
TOP OF THE 9TH |
Nashua Redlegs batting - Pitching for Montgomery Grey Sox : RHP Ron Simmons
|
Pitching: RHP Cody Nichols
|
|
Batting: RHB Joe Noble
|
0-0: Called Strike 0-1: Called Strike 0-2: Foul Ball, location: 2F 0-2: Ball 1-2: Ball 2-2: Strikes out looking
|
Batting: RHB Jorge Valenzuela
|
0-0: Foul Ball, location: 2F 0-1: Foul Ball, location: 2F 0-2: Ball 1-2: Foul Ball, location: 2F 1-2: Ground out U3 (Groundball, 3L)
|
Batting: RHB Artie Turner
|
0-0: Ground out 5-3 (Groundball, 56)
|
Top of the 9th over - 0 run(s), 0 hit(s), 0 error(s), 0 left on base; Nashua 2 - Montgomery 4 |
|